Description

How Innovation won vs Classic in the IEM Season 12 PyeongChang Korea Open Qualifier Stage #2 Dec 2017

Also available on the spawning tool build advisor in overwolf (here)

Please comment and let me know your feedback! Eager to improve!

Replay - 2017-12-23_INnoVation_vs_Classic_(LBR4b_INnoVation_vs_Classic_G2)

Build Order

Get SALT Encoding   

  14  0:17  Supply Depot  constantly produce SVCs hereafter
  15  0:39  Barracks  
  16  0:43  Refinery  
  19  1:27  Orbital Command, Reaper  
  20  1:41  Command Center  
  20  1:52  Supply Depot  
  21  1:59  Barracks Reactor  constantly produce marines whenever a Barracks or ad-on finishes
  22  2:22  Command Center  
  24  2:31  Barracks  
  27  2:57  Orbital Command  
  30  3:08  Engineering Bay  
  31  3:18  Barracks Tech Lab  
  38  3:35  Orbital Command  
  38  3:37  Stimpack  
  38  3:40  Terran Infantry Weapons Level 1  
  42  3:48  Barracks  
  45  4:01  Refinery  
  48  4:06  Factory  
  54  4:20  Missile Turret, Supply Depot  
  57  4:34  Bunker  
  57  4:36  Barracks Tech Lab  
  60  4:39  Refinery  
  60  4:42  Supply Depot  
  63  4:48  Supply Depot  
  64  4:55  Starport  
  64  4:56  Factory Reactor  Swap the starport against the factory reactor once complete. Produce 3 rounds of 2 medivancs (6 in total) followed by 4 liberators.
  66  5:05  Combat Shields  
  69  5:11  Barracks x2  Start producing Marauders
  77  5:37  Terran Infantry Armor Level 1  
  83  5:46  Factory Reactor  Produce 6 widow mines once complete
  83  5:48  Concussive Shells  
  90  5:57  Orbital Command  
  90  6:00  Barracks Tech Lab  
  90  6:01  Barracks Reactor  
  104  6:45  Engineering Bay  
  106  6:48  Armory  
  113  7:07  Refinery  
  122  7:17  Refinery  
  135  7:46  Missile Turret, Terran Infantry Weapons Level 2, Terran Infantry Armor Level 2  
  156  8:15  Terran Ship Weapons Level 1  
  174  8:42  Command Center  stop producing SCVs
  174  8:45  Starport  Note: I guess if you did not want to play Liberators, you could go for a Ghost Academy here. In that case, skip also the Fusion Core
  174  8:47  Fusion Core  
  149  9:27  Starport Tech Lab  
  142  9:46  Advanced Ballistics  
  142  9:50  Missile Turret  
  148  9:55  Planetary Fortress  This should be your fourth. Once the command center completes, restart producing SCVs and get a planetary.
Spawning Tool Build Advisor. Get it on Overwolf

Go to:

Details

  • Created by: Freiheit
  • Published on: Dec 26, 2017
  • Modified on: Dec 30, 2017
  • Patch: 4.0.0
Show
View Real Time Build Order
Export as new Build Order

Comments (0)

There are no comments. Be the first!

Create an account to comment!